 Dungeon Crawl Stone Soup version 0.27-a0-978-g2aa4ecdaef (webtiles) character file.

Game seed: 10369923061583697098

1549 leviel the Cleaver (level 8, -1/71 HPs)
             Began as a Minotaur Fighter on Apr 14, 2021.
             Was a Believer of Zin.
             Hit by a javelin thrown by a centaur (14 damage)
             ... in a bailey.
             The game lasted 00:08:33 (5605 turns).

leviel the Cleaver (Minotaur Fighter)               Turns: 5605, Time: 00:08:33

Health: -1/71      AC: 13    Str: 22    XL:     8   Next: 57%
Magic:  7/7        EV:  8    Int:  5    God:    Zin [**....]
Gold:   295        SH: 16    Dex: 11    Spells: 7/7 levels left

rFire    . . .     SeeInvis .   d - +6 hand axe
rCold    . . .     Faith    .   c - +1 kite shield
rNeg     . . .     Spirit   .   b - +0 scale mail
rPois    .         Reflect  +   (helmet restricted)
rElec    .         Harm     .   (no cloak)
rCorr    .         Rampage  .   y - +0 pair of gloves
Will     .....                  (no boots)
Stlth    ..........             l - amulet of reflection
HPRegen  0.21/turn              r - +4 ring of protection
MPRegen  0.10/turn              (no ring)

@: no status effects
A: horns 2, retaliatory headbutt
a: Renounce Religion, Recite, Vitalisation, Donate Gold


You were in a bailey.
You worshipped Zin.
Zin was pleased with you.
You visited 1 branch of the dungeon, and saw 7 of its levels.
You also visited: Bailey.

You collected 327 gold pieces.
You donated 32 gold pieces to Zin.

Inventory:

Hand Weapons
 a - a +0 war axe
 d - a +6 hand axe (weapon)
Missiles
 u - 2 curare-tipped darts (quivered)
 w - 8 silver javelins
Armour
 b - a +0 scale mail (worn)
 c - a +1 kite shield (worn)
 y - a +0 pair of gloves (worn)
Jewellery
 f - an amulet of the acrobat
 l - an amulet of reflection (around neck)
 r - a +4 ring of protection (left hand)
 C - a ring of resist corrosion
 D - a +6 ring of strength
 G - a ring of positive energy
Wands
 z - a wand of flame (43)
 E - a wand of acid (8)
Scrolls
 j - 5 scrolls of teleportation
 q - a scroll of acquirement {unknown}
 A - 3 scrolls of fear {unknown}
 B - a scroll of identify
 F - 2 scrolls of magic mapping {unknown}
Potions
 e - a potion of haste
 g - 2 potions of curing
 h - 3 potions of attraction
 i - 2 potions of brilliance
 k - 3 potions of lignification
 m - 3 potions of degeneration {unknown}
 n - a potion of invisibility {unknown}
 o - 2 potions of heal wounds {unknown}
 p - a potion of cancellation {unknown}
 s - 2 potions of flight {unknown}
 t - 2 potions of magic {unknown}
 v - a potion of mutation {unknown}
 x - a potion of might


   Skills:
 + Level 6.9 Fighting
 * Level 8.3 Axes
 + Level 6.9 Armour
 + Level 6.9 Shields


You had 7 spell levels left.
You didn't know any spells.
Your spell library contained the following spells:

 Spells                   Type           Power      Damage    Failure   Level
 Animate Skeleton         Necr           0%         N/A       98%         1
 Apportation              Tloc           0%         N/A       98%         1
 Corona                   Hex            0%         N/A       98%         1
 Magic Dart               Conj           0%         1d3       98%         1
 Summon Small Mammal      Summ           0%         N/A       98%         1
 Ensorcelled Hibernation  Hex/Ice        0%         N/A       99%         2
 Searing Ray              Conj           0%         3d3       99%         2
 Confusing Touch          Hex            0%         N/A       100%        3
 Dazzling Flash           Conj/Hex       0%         N/A       100%        3
 Tukima's Dance           Hex            0%         N/A       100%        3
 Fulminant Prism          Conj/Hex       0%         3d6       100%        4
 Iskenderun's Mystic Bla  Conj/Tloc      0%         2d3       100%        4


Dungeon Overview and Level Annotations

Branches:
Dungeon (7/15)             Temple (0/1) D:6          Bailey (1/1)

Altars:
Cheibriados
Fedhas
Makhleb
Sif Muna
Trog
Xom
Zin

Shops:
D:1 **[   D:4 *


Innate Abilities, Weirdness & Mutations

You have a pair of horns on your head.
You reflexively headbutt those who attack you in melee.


Message History

The centaur throws a javelin.
The javelin pierces through you but does no damage.
The orc shouts!
The centaur throws a javelin.
The javelin pierces through you!
* * * LOW HITPOINT WARNING * * *
The centaur throws a javelin.
The javelin pierces through you!
* * * LOW HITPOINT WARNING * * *
The orc hits you but does no damage. x2
The centaur throws a javelin.
The javelin pierces through you.
* * * LOW HITPOINT WARNING * * *
You block the orc's attack. The orc barely misses you.
You hit the orc.
The orc is severely wounded.
You block the orc's attack. x2
An orc comes into view. It is wielding a +0 spear.
The orc hits you but does no damage.
You hit the orc. You headbutt the orc.
You kill the orc!
You block the orc's attack.
The centaur throws a javelin.
The javelin pierces through you!
* * * LOW HITPOINT WARNING * * *
The orc hits you from afar with a +0 halberd.
Zin protects you from harm! The orc closely misses you.
You feel better. The orc barely misses you. You block the orc's attack.
The orc hits you but does no damage. You block the orc's attack.
Things that are here:
a +0 trident; a +0 ring mail; an orc corpse An orc comes into view.
It is wielding a +0 trident.
The orc shouts!
The centaur throws a javelin.
The javelin misses you. Why would you want to do that?
The orc hits you from afar with a +0 halberd.
* * * LOW HITPOINT WARNING * * *
You block the orc's attack. You block the orc's attack. x2
You hit the orc but do no damage. You block the orc's attack.
The centaur throws a javelin.
The javelin pierces through you!
You die...

####+##########
#≈............#####
#≈...≈≈≈≈≈≈≈≈≈....##
##≈..≈≈..o.c.o≈≈≈.⌠.#
##≈≈....≈≈≈≈≈≈≈o.≈≈..#
#≈≈...≈≈≈....)≈≈≈.≈≈.#
≈≈⌠..≈≈..≈≈≈≈≈..≈≈o≈o##
≈≈$.≈≈)≈≈≈...≈≈≈.≈.≈≈.#
≈$.o≈)≈≈..⌠.⌠.o≈@≈≈.≈.#
≈$$.≈.....∩∩∩..≈.o..≈.#
≈$..≈.≈≈..⌠.⌠..≈.≈≈.≈.#
≈≈$.≈≈.≈≈≈...≈≈≈.≈.≈≈.#
≈≈⌠..≈≈).≈≈≈≈≈..≈≈.≈.##
#≈≈...≈≈≈.....≈≈≈.≈≈.#
##≈≈....≈≈≈≈≈≈≈..≈≈..#
##≈..≈≈.......≈≈≈.⌠.#
#≈...≈≈≈≈≈≈≈≈≈...


You could see a centaur and 7 orcs.

Vanquished Creatures
  Menkaure (D:7)
  An ice beast (D:6)
  A centaur (Bailey)
  An ogre (D:5)
  A phantom (D:6)
  3 scorpions
  A wyvern skeleton (D:6)
  9 wights
  A bullfrog zombie (D:6)
  5 hounds
  A bullfrog skeleton (D:6)
  A centaur skeleton (D:7)
  2 iguanas
  A scorpion zombie (D:5)
  An orc wizard (D:4)
  A hound zombie (D:5)
  3 adders (D:3)
  A white imp (D:5)
  2 ufetubi
  An adder skeleton (D:4)
  4 dart slugs
  8 orcs
  5 bats
  6 endoplasms
  A giant cockroach (D:3)
  13 goblins
  9 hobgoblins
  3 jackals
  6 quokkas
  9 ball pythons
  5 frilled lizards
  6 kobolds
  5 rats
118 creatures vanquished.

Vanquished Creatures (others)
  43 plants (D:6)
43 creatures vanquished.

Grand Total: 161 creatures vanquished

Notes
Turn   | Place    | Note
-------+----------+-------------------------------------------
     0 | D:1      | leviel the Minotaur Fighter began the quest for the Orb.
     0 | D:1      | Reached XP level 1. HP: 19/19 MP: 0/0
    30 | D:1      | Found Puddele's Antique Armour Shop.
    41 | D:1      | Found Hiczasyxt's General Store.
    48 | D:1      | Reached XP level 2. HP: 27/27 MP: 1/1
   142 | D:1      | Found Nelair's Assorted Antiques.
   384 | D:1      | Reached skill level 3 in Axes
   465 | D:1      | Reached XP level 3. HP: 33/33 MP: 2/2
   554 | D:1      | Found a snail-covered altar of Cheibriados.
  1369 | D:3      | Reached XP level 4. HP: 40/40 MP: 3/3
  1451 | D:3      | Reached skill level 4 in Axes
  1451 | D:3      | Reached XP level 5. HP: 27/47 MP: 4/4
  1460 | D:3      | Reached skill level 5 in Shields
  1460 | D:3      | Reached XP level 6. HP: 18/55 MP: 5/5
  1679 | D:3      | Reached skill level 5 in Armour
  1987 | D:3      | Reached skill level 5 in Fighting
  2535 | D:4      | Reached skill level 5 in Axes
  2554 | D:4      | Found Imoig's Mass Market.
  2666 | D:4      | Found a blossoming altar of Fedhas.
  2666 | D:4      | Found a bloodstained altar of Trog.
  2965 | D:5      | Entered Level 5 of the Dungeon
  2987 | D:5      | Found a glowing silver altar of Zin.
  3054 | D:5      | Reached XP level 7. HP: 40/61 MP: 6/6
  3473 | D:5      | Reached skill level 6 in Axes
  3933 | D:5      | Became a worshipper of Zin the Law-Giver
  3933 | D:5      | Reached * piety under Zin
  4026 | D:6      | Reached ** piety under Zin
  4582 | D:6      | Reached skill level 7 in Axes
  4663 | D:6      | Reached XP level 8. HP: 61/70 MP: 7/7
  4818 | D:6      | Found a staircase to the Ecumenical Temple.
  5080 | D:6      | Found a shimmering altar of Xom.
  5080 | D:6      | Found a shimmering blue altar of Sif Muna.
  5081 | D:6      | Found a burning altar of Makhleb.
  5474 | D:7      | Noticed Menkaure
  5476 | D:7      | Killed Menkaure
  5477 | D:7      | Reached skill level 8 in Axes
  5549 | D:7      | Found a flagged portal.
  5566 | Bailey   | Entered a bailey
  5598 | Bailey   | Zin protects you from harm!
  5605 | Bailey   | Hit by a javelin thrown by a centaur

Illustrated notes

Levels and vault maps discovered:
D:1:      sevenhm_arrival_forest_fort_small_6, layout_basic, serial_shops,
          nicolae_shop_stone, shop, shop
D:2:      layout_rooms, minmay_stone_trees_medium, dk_noncrumbling_3
D:3:      cheibrodos_old_hovel, layout_loops_corners, minmay_cupped
D:4:      layout_cave_pools, gammafunk_temple_overflow_pools, minmay_shop_mass
D:5:      layout_rooms, lemuel_crystal_altar
D:6:      layout_loops_corners, chequers_temple_overflow_statue_of_worship,
          minmay_temple_entry_nine_rooms, serial_bayou_lagoon_a
D:7:      layout_gridville, enter_bailey_5, uniq_menkaure
Bailey:   bailey_polearm_flooded_kennysheep, bailey

Skill      XL: |  1  2  3  4  5  6  7  8 |
---------------+-------------------------+-----
Shields        | 4 5 6 |  6.9
Fighting       | 4 5 6 |  6.9
Armour         | 4 5 6 |  6.9
Axes           | 3 4 5 7 8 |  8.3

Action                   |  1- 3 |  4- 6 |  7- 9 || total
-------------------------+-------+-------+-------++-------
Melee: War axe           |    78 |    18 |       ||    96
       Headbutt          |     8 |    10 |    24 ||    42
       Hand axe          |       |    78 |   113 ||   191
  Use: Potion            |       |     1 |     1 ||     2
       Scroll            |       |    11 |     2 ||    13
Armor: Scale mail        |    26 |    25 |    52 ||   103
Dodge: Dodged            |    32 |    22 |    35 ||    89
Block: Kite shield       |    48 |    89 |   118 ||   255
       Reflection        |       |     3 |       ||     3

Table legend: (Time is in decaauts)
 A = Elapsed time spent in this place.
 B = Non-inter-level travel time spent in this place.
 C = Inter-level travel time spent in this place.
 D = Time resting spent in this place.
 E = Time spent auto-exploring this place.
 F = Levels seen in this place.
 G = Mean time per level.
                   A        B        C        D        E       F      G
               +--------+--------+--------+--------+--------+-----+--------+
         Total |   5697 |   5427 |    270 |     43 |   4604 |   8 |  712.1 |
       Dungeon |   5658 |   5388 |    270 |     43 |   4604 |   7 |  808.3 |
        Bailey |     39 |     39 |      0 |      0 |      0 |   1 |   39.0 |
               +--------+--------+--------+--------+--------+-----+--------+

Top non-repeatable levels by time:
     D:6: 1512 daAuts
     D:3: 1158 daAuts
     D:5: 1019 daAuts
     D:1: 885 daAuts
     D:4: 524 daAuts
     D:2: 466 daAuts
     D:7: 93 daAuts
  Bailey: 39 daAuts
